 Dungeon Sprint DCSS version 0.24.0-41-g2ae2f7f1be (webtiles) character file.

Game seed: 10851494271075827165, levelgen mode: deterministic

18365 Groucho the Naga Aeon (level 12, -19/129 HPs)
             Began as a Naga Fighter on Dec 15, 2019.
             Was the Champion of Cheibriados.
             Killed from afar by an ice dragon (29 damage)
             ... with a blast of cold
             ... in the Dungeon (Sprint IX: "|||||||||||||||||||||||||||||").
             The game lasted 00:08:02 (2765 turns).

Groucho the Naga Aeon (Naga Fighter)                Turns: 2765, Time: 00:08:03

Health: -19/129    AC: 28    Str: 34    XL:     12   Next: 57%
Magic:  8/23       EV:  4    Int: 25    God:    Cheibriados [******]
Gold:   617        SH: 16    Dex: 29    Spells: 11/11 levels left

rFire    + . .     SeeInvis +   b - +3 broad axe
rCold    . . .     Gourm    .   c - +0 shield
rNeg     . . .     Faith    .   w - +0 plate armour
rPois    +         Spirit   .   s - +1 helmet
rElec    .         Reflect  .   y - +0 cloak
rCorr    .         Harm     .   a - +1 pair of gloves
MR       ++...     NoTele   +   r - +1 naga barding
Stlth    ..........             (no amulet)
HPRegen  0.31/turn              B - ring of protection from magic
MPRegen  0.18/turn              C - ring of protection from fire

@: very slow
A: large, see invisible, deformed body, poison resistance, slowness 2, slow
metabolism 1, spit poison 1, AC +4
a: Spit Poison, Bend Time, Temporal Distortion, Slouch, Step From Time, Renounce
Religion


You were in the Dungeon.
You worshipped Cheibriados.
Cheibriados was exalted by your worship.
You were not hungry.

You visited 1 branch You collected 1932 gold pieces.
You spent 1315 gold pieces at shops.

Inventory:

Hand Weapons
 b - a +3 broad axe (weapon)
 q - a +2 morningstar of crushing
Missiles
 z - 5 boomerangs (quivered)
Armour
 a - a +1 pair of gloves (worn)
 c - a +0 shield (worn)
 r - a +1 naga barding (worn)
 s - a +1 helmet (worn)
 w - a +0 plate armour (worn)
 y - a +0 cloak (worn)
Jewellery
 B - a ring of protection from magic (left hand)
 C - a ring of protection from fire (right hand)
Wands
 p - a wand of iceblast (10)
Scrolls
 g - a scroll of acquirement
 h - 4 scrolls of identify
 j - 5 scrolls of enchant weapon
 k - 4 scrolls of blinking
 l - a scroll of fog
 n - 4 scrolls of remove curse
 o - 2 scrolls of amnesia
 t - a scroll of vulnerability
 v - a scroll of fear
 A - 4 scrolls of enchant armour
Potions
 d - a potion of might
 e - 5 potions of curing
 i - 3 potions of magic
 m - a potion of invisibility
 x - 2 potions of agility
Comestibles
 f - 18 rations


   Skills:
 + Level 14.4 Fighting
 + Level 14.2 Axes
 + Level 12.4 Armour
 + Level 12.4 Shields
 + Level 14.9 Invocations


You had 11 spell levels left.
You didn't know any spells.
Your spell library was empty.

Dungeon Overview and Level Annotations

Branches:
Dungeon (1/1)

Altars:
Cheibriados
Dithmenos
Elyvilon
Fedhas
Gozag
Hepliaklqana
Kikubaaqudgha
Makhleb
Nemelex Xobeh
Okawaru
Qazlal
Ru
Sif Muna
Trog
Uskayaw
Vehumet
Wu Jian
Xom
Yredelemnul
Zin
The Shining One
Beogh
Jiyva
Lugonu

Shops:
D ?%:(


Innate Abilities, Weirdness & Mutations

You cannot wear boots.
Your serpentine skin is tough. (AC +4)
You have supernaturally acute eyesight. (SInv)
Armour fits poorly on your strangely shaped body.
Your system is resistant to poisons. (rPois)
You cover ground very slowly.
You have a slow metabolism.
You can spit poison.


Message History

You feel somewhat less full. The ice dragon breathes frost at you.
The blast of cold hits you!!!
* * * LOW HITPOINT WARNING * * *
You feel much better. You block the ice dragon's attack. x2
The ice dragon tramples you.
* * * LOW HITPOINT WARNING * * *
You stumble backwards!
You feel much better. You block the ice dragon's attack. x3
You can feel time thicken for a moment.
You kill the ogre mage!
Cheibriados thoroughly appreciates the change of pace.
The ice dragon breathes frost at you. The blast of cold hits you!!!
* * * LOW HITPOINT WARNING * * *
Unknown command.
You can feel time thicken for a moment.
You feel somewhat more hungry. The ice dragon breathes frost at you.
The blast of cold hits you!!
You die...

▓.▓.▓.▓.▓.▓.▓)▓
▓.▓.▓∩▓.▓)▓.▓!▓
▓.▓)▓.▓.▓.▓.▓.▓
▓.▓.▓∩▓.▓.▓.▓[▓
▓.▓.▓.▓.▓.▓.▓.▓
▓[▓.▓∩▓.▓.▓.▓.▓
▓C▓.▓)▓.▓.▓.▓)▓
▓D▓.▓)▓.▓.▓.▓|▓
▓@▓.▓)▓.▓.▓.▓.▓
▓(▓.▓)▓.▓.▓.▓.▓
▓.▓.▓)▓.▓'▓.▓'▓
▓.▓.▓)▓.▓.▓.▓_▓
▓.▓.▓.▓.▓.▓.▓_▓
▓.▓.▓.▓.▓.▓.▓_▓
▓.▓.▓.▓.▓.▓.▓_▓
▓!▓.▓.▓.▓.▓.▓_▓
▓.▓.▓)▓.▓.▓.▓_▓


You could see an ice dragon and a stone giant.

Vanquished Creatures
  A yaktaur captain (D)
  An ogre mage (D)
  Harold (D)
  A centaur warrior (D)
  A tengu warrior (D)
  4 orc high priests (D)
  12 orc knights (D)
  A wolf spider (D)
  A black mamba (D)
  A gargoyle (D)
  4 spiny frogs (D)
  A rime drake (D)
  A yaktaur (D)
  A freezing wraith (D)
  A komodo dragon (D)
  A tengu conjurer (D)
  A troll (D)
  3 tyrant leeches (D)
  A hornet (shapeshifter) (D)
  2 wyverns (D)
  Grum (D)
  A vampire mosquito (D)
  A water moccasin (D)
  5 porcupines (D)
  10 orc warriors (D)
  3 wolves (D)
  3 crocodiles (D)
  A bullfrog (D)
  3 hounds (D)
  A jelly (D)
  5 orc priests (D)
  2 orc wizards (D)
  2 iguanas (D)
  A worker ant (D)
  A shadow imp (D)
  An ooze (D)
  5 worms (D)
  A leopard gecko (D)
  8 orcs (D)
  2 bats (D)
  A bat zombie (D)
  A giant cockroach (D)
  A kobold (D)
  2 quokkas (D)
  A leopard gecko skeleton (D)
  A rat (D)
104 creatures vanquished.

Notes
Turn   | Place    | Note
-------+----------+-------------------------------------------
     0 | D        | Groucho the Naga Fighter began the quest for the Orb.
     0 | D        | Reached XP level 1. HP: 21/21 MP: 1/1
    11 | D        | Reached XP level 2. HP: 24/28 MP: 2/2
    59 | D        | Reached XP level 3. HP: 15/37 MP: 3/3
    75 | D        | Found a roughly hewn altar of Beogh.
    75 | D        | Found a snail-covered altar of Cheibriados.
    75 | D        | Found a shadowy altar of Dithmenos.
    75 | D        | Found a white marble altar of Elyvilon.
    75 | D        | Found a blossoming altar of Fedhas.
    75 | D        | Found an opulent altar of Gozag.
    76 | D        | Found a hazy altar of Hepliaklqana.
    77 | D        | Found a viscous altar of Jiyva.
    78 | D        | Found an ancient bone altar of Kikubaaqudgha.
    79 | D        | Became a worshipper of Cheibriados the Contemplative
    80 | D        | Found a corrupted altar of Lugonu.
    81 | D        | Found a burning altar of Makhleb.
    82 | D        | Found a sparkling altar of Nemelex Xobeh.
    83 | D        | Found an iron altar of Okawaru.
    84 | D        | Found a stormy altar of Qazlal.
    85 | D        | Found a sacrificial altar of Ru.
    86 | D        | Found a shimmering blue altar of Sif Muna.
    87 | D        | Found a bloodstained altar of Trog.
    88 | D        | Found a hide-covered altar of Uskayaw.
    89 | D        | Found a radiant altar of Vehumet.
    90 | D        | Found an ornate altar of the Wu Jian Council.
    91 | D        | Found a shimmering altar of Xom.
    92 | D        | Found a basalt altar of Yredelemnul.
    93 | D        | Found a glowing silver altar of Zin.
    94 | D        | Found a glowing golden altar of the Shining One.
   534 | D        | Noticed a troll
   538 | D        | Reached skill level 1 in Invocations
   538 | D        | Reached XP level 4. HP: 45/45 MP: 3/5
   544 | D        | Reached * piety under Cheibriados
   544 | D        | Reached skill level 5 in Fighting
   548 | D        | Killed a troll
   548 | D        | Reached skill level 5 in Armour
   548 | D        | Reached skill level 5 in Shields
   548 | D        | Reached skill level 5 in Invocations
   548 | D        | Reached XP level 5. HP: 30/56 MP: 4/9
   548 | D        | Reached XP level 6. HP: 34/63 MP: 4/10
   550 | D        | Reached ** piety under Cheibriados
   803 | D        | Noticed a tengu conjurer
   803 | D        | Noticed a centaur warrior
   805 | D        | Reached *** piety under Cheibriados
   818 | D        | Killed a centaur warrior
   818 | D        | Reached XP level 7. HP: 34/75 MP: 10/12
   818 | D        | Reached XP level 8. HP: 38/82 MP: 10/13
   828 | D        | Killed a tengu conjurer
   828 | D        | Reached **** piety under Cheibriados
  1150 | D        | Noticed Grum
  1162 | D        | Killed Grum
  1162 | D        | Reached ***** piety under Cheibriados
  1264 | D        | Noticed a spiny frog
  1264 | D        | Noticed a spiny frog
  1264 | D        | Noticed a komodo dragon
  1264 | D        | Noticed a spiny frog
  1265 | D        | Noticed a rime drake
  1267 | D        | Reached XP level 9. HP: 92/92 MP: 15/15
  1271 | D        | Killed a spiny frog
  1277 | D        | Killed a komodo dragon
  1277 | D        | Reached skill level 10 in Fighting
  1288 | D        | Killed a spiny frog
  1288 | D        | Reached skill level 10 in Axes
  1288 | D        | Reached skill level 10 in Invocations
  1296 | D        | Killed a spiny frog
  1296 | D        | Reached ****** piety under Cheibriados
  1302 | D        | Killed a rime drake
  1305 | D        | Reached XP level 10. HP: 61/103 MP: 17/17
  1672 | D        | Noticed a spiny frog
  1675 | D        | Noticed a black mamba
  1676 | D        | Killed a spiny frog
  1696 | D        | Killed a black mamba
  2074 | D        | Reached skill level 10 in Shields
  2211 | D        | Reached skill level 10 in Armour
  2286 | D        | Noticed an orc knight
  2286 | D        | Noticed an orc knight
  2299 | D        | Killed an orc knight
  2300 | D        | Reached XP level 11. HP: 60/114 MP: 18/20
  2307 | D        | Killed an orc knight
  2369 | D        | Found Mij Ugis's Antique Weapon Boutique.
  2369 | D        | Noticed an orc knight
  2369 | D        | Noticed an orc knight
  2369 | D        | Noticed an orc knight
  2369 | D        | Noticed an orc high priest
  2369 | D        | Noticed an orc knight
  2372 | D        | Killed an orc knight
  2372 | D        | Killed an orc high priest
  2372 | D        | Killed an orc knight
  2372 | D        | Killed an orc knight
  2372 | D        | Killed an orc knight
  2372 | D        | Noticed an orc knight
  2373 | D        | Noticed an orc high priest
  2373 | D        | Noticed an orc high priest
  2374 | D        | Found Iziantets's Book Shop.
  2374 | D        | Noticed an orc knight
  2381 | D        | Killed an orc knight
  2382 | D        | Noticed a soul eater
  2387 | D        | Killed an orc high priest
  2388 | D        | Killed an orc high priest
  2388 | D        | Killed an orc knight
  2389 | D        | Noticed an orc knight
  2390 | D        | Found Gollat's Food Boutique.
  2391 | D        | Noticed an orc high priest
  2395 | D        | Noticed a soul eater
  2395 | D        | Noticed a sun demon
  2397 | D        | Killed an orc knight
  2398 | D        | Found Vifemyiwk's Magic Scroll Shop.
  2398 | D        | Noticed an orc knight
  2407 | D        | Noticed a sixfirhy
  2415 | D        | Killed an orc high priest
  2419 | D        | Killed an orc knight
  2419 | D        | Reached XP level 12. HP: 33/126 MP: 6/22
  2498 | D        | Bought a ration for 65 gold pieces
  2498 | D        | Bought a ration for 65 gold pieces
  2498 | D        | Bought a ration for 65 gold pieces
  2498 | D        | Bought a ration for 65 gold pieces
  2498 | D        | Bought a ration for 65 gold pieces
  2498 | D        | Bought a ration for 65 gold pieces
  2498 | D        | Bought a ration for 65 gold pieces
  2498 | D        | Bought a ration for 65 gold pieces
  2500 | D        | Bought a scroll of enchant weapon for 75 gold pieces
  2500 | D        | Bought a scroll of blinking for 75 gold pieces
  2500 | D        | Bought a scroll of acquirement for 520 gold pieces
  2500 | D        | Bought a scroll of remove curse for 30 gold pieces
  2500 | D        | Bought a scroll of vulnerability for 75 gold pieces
  2500 | D        | Bought a scroll of identify for 20 gold pieces
  2534 | D        | Noticed Harold
  2546 | D        | Killed Harold
  2720 | D        | Noticed a tengu warrior
  2721 | D        | Noticed a yaktaur captain
  2729 | D        | Noticed an ice dragon
  2733 | D        | Noticed a stone giant
  2743 | D        | Noticed an ogre mage
  2752 | D        | Killed a tengu warrior
  2759 | D        | Killed a yaktaur captain
  2761 | D        | HP: 2/128 [ice dragon/blast of cold (40)]
  2764 | D        | Killed an ogre mage
  2765 | D        | Killed from afar by an ice dragon

Levels and vault maps discovered:
D:        linesprint [early_d, line_temple, items_1, d_10, items_2, lair_1,
          lair_end, items_3, orc_1, orc_end, items_4, d_15, swamp_1, shoals_1,
          snake_1, spider_1, d_20, vaults_1, items_5, swamp_end, shoals_end,
          snake_end, spider_end, vaults_end, d_27, items_6, zot_1, zot_end,
          crypt_end, forest_end, elf_end, slime_end, tomb_end, abyss_end,
          pan_hell_end]

Skill      XL: |  1  2  3  4  5  6  7  8  9 10 11 12 |
---------------+-------------------------------------+-----
Shields        | 3 4 5 7 8 9 10 11 12 | 12.4
Armour         | 3 5 7 8 9 10 11 12 | 12.4
Axes           | 3 4 6 8 9 10 11 13 14 | 14.2
Fighting       | 4 6 8 9 10 12 13 14 | 14.4
Invocations    | 1 5 7 9 10 12 13 14 | 14.9

Action                   |  1- 3 |  4- 6 |  7- 9 | 10-12 || total
-------------------------+-------+-------+-------+-------++-------
Melee: War axe           |    43 |    31 |    68 |   152 ||   294
       Broad axe         |       |       |       |    60 ||    60
Invok: Slouch            |       |       |       |    17 ||    17
  Use: Potion            |       |       |     3 |    12 ||    15
  Eat: Chunk             |       |       |       |     2 ||     2
       Ration            |       |       |       |     2 ||     2
Armor: Scale mail        |    20 |       |       |       ||    20
       Chain mail        |     4 |    15 |    22 |    18 ||    59
       Plate armour      |       |       |       |    42 ||    42
Dodge: Dodged            |    13 |     5 |     4 |    16 ||    38
Block: Shield            |    26 |    17 |    39 |   102 ||   184
